 Dungeon Crawl Stone Soup version 0.31.0-32-g396128a36d (webtiles) character file.

Game seed: 5118079216104368488

108105 PaiMei the Lord of Darkness (level 16, -15/129 HPs)
             Began as a Demonspawn Necromancer on Mar 21, 2024.
             Was the Champion of Kikubaaqudgha.
             Shot with an arrow by a deep elf archer (22 damage)
             ... on level 1 of the Elven Halls on Mar 22, 2024.
             The game lasted 01:55:14 (45179 turns).

PaiMei the Lord of Darkness (DsNe)                 Turns: 45179, Time: 01:55:14

Health: -15/129    AC: 22    Str: 15    XL:     16   Next: 1%
Magic:  29/33      EV: 14    Int: 24    God:    Kikubaaqudgha [******]
Gold:   2665       SH: 12    Dex: 18    Spells: 16/42 levels left

rFire   + + .        N - +10 falchion "Hydrabane" {freeze, rPois rF+ Str+5 Int-4}
rCold   . . .        P - +1 buckler {reflect}
rNeg    . . .        z - +4 scale mail {rF+}
rPois   +            x - +0 helmet
rElec   .            H - +1 cloak
rCorr   .            (gloves unavailable)
SInv    .            T - +1 pair of boots {Fly}
Will    +....        B - amulet of reflection
Stlth   +++          q - +4 ring of protection
HPRegen 0.41/turn    I - +6 ring of intelligence
MPRegen 0.23/turn

%: reflection
@: flying
A: claws 3, thin skeletal structure 2, demonic guardian 2, demonic magic 3,
corrupting presence 1
a: Renounce Religion, Unearth Wretches, Torment, Brand Weapon With Pain, Receive
Forbidden Knowledge


You were on level 1 of the Elven Halls.
You worshipped Kikubaaqudgha.
Kikubaaqudgha was exalted by your worship.
You visited 4 branches of the dungeon, and saw 23 of its levels.
You visited 1 bazaar.
You also visited: Bailey and Volcano.

You collected 2969 gold pieces.
You spent 304 gold pieces at shops.

Inventory:

Hand Weapons
 i - the +8 arc blade {discharge, rElec}
   (You found it on level 15 of the Dungeon)

   rElec:     It insulates you from electricity.
 F - the +3 trident of Midsummer {spect, *Noise Dex+2 SInv}
   (You took it off a spriggan on level 3 of the Lair of Beasts)

   Dex+2:     It affects your dexterity (+2).
   SInv:      It lets you see invisible.
   *Noise:    It may make a loud noise when swung.
 N - the +10 falchion "Hydrabane" (weapon) {freeze, rPois rF+ Str+5 Int-4}
   (You found it on level 12 of the Dungeon)

   Str+5:     It affects your strength (+5).
   Int-4:     It affects your intelligence (-4).
   rF+:       It protects you from fire.
   rPois:     It protects you from poison
Missiles
 w - 3 curare-tipped darts
 Y - 2 darts of dispersal (quivered)
Armour
 r - a +3 chain mail of fire resistance
 x - a +0 helmet (worn)
 z - a +4 scale mail of fire resistance (worn)
 H - a +1 cloak (worn)
 P - a +1 buckler of reflection (worn)
 T - a +1 pair of boots of flying (worn)
Magical Staves
 g - a staff of death
Jewellery
 q - a +4 ring of protection (left claw)
 B - an amulet of reflection (around neck)
 I - a +6 ring of intelligence (right claw)
Wands
 f - a wand of iceblast (17)
 A - a wand of polymorph (11)
 L - a wand of digging (18)
 Q - a wand of mindburst (13)
 X - a wand of charming (16)
Scrolls
 a - 2 scrolls of acquirement
 c - 3 scrolls of vulnerability
 e - 2 scrolls of fear
 j - 2 scrolls of blinking
 k - 6 scrolls of enchant weapon
 m - 3 scrolls of summoning
 o - 10 scrolls of teleportation
 s - 2 scrolls of silence
 u - a scroll of enchant armour
 C - 4 scrolls of revelation
 M - 3 scrolls of poison
 O - 5 scrolls of immolation
 S - 4 scrolls of fog
 U - 6 scrolls of amnesia
 V - a scroll of brand weapon
 Z - 3 scrolls of torment
Potions
 b - 3 potions of magic
 l - 5 potions of lignification
 n - 5 potions of curing
 p - 3 potions of ambrosia
 t - 5 potions of enlightenment
 v - 2 potions of might
 y - a potion of attraction
 D - 3 potions of haste
 J - a potion of invisibility {unknown}
 K - 4 potions of brilliance
Miscellaneous
 d - a phantom mirror
 h - a box of beasts


   Skills:
 - Level 12.4 Fighting
 + Level 2.3 Long Blades
 - Level 9.0 Armour
 - Level 10.3 Dodging
 - Level 3.0 Stealth
 + Level 5.4 Shields
 + Level 13.7 Spellcasting
 - Level 16.2 Necromancy
 + Level 2.3 Earth Magic
 - Level 5.0 Evocations


You had 16 spell levels left.
You knew the following spells:

 Your Spells              Type           Power      Damage    Failure   Level
a - Necrotise             Necr           100%       1d9       1%          1
b - Vampiric Draining     Necr           76%        2d11      1%          3
c - Animate Dead          Necr           76%        N/A       1%          4
d - Curse of Agony        Necr           76%        N/A       1%          5
e - Dispel Undead         Necr           76%        3d25      1%          4
f - Borgnjor's Vile Clut  Necr/Erth      28%        N/A       9%          5
g - Martyr's Knell        Necr/Summ      53%        N/A       4%          4

Your spell library contained the following spells:

 Spells                   Type           Power      Damage    Failure   Level
 Fugue of the Fallen      Necr           76%        N/A       1%          3
 Cigotuvi's Dreadful Rot  Necr/Alch/Air  84%        N/A       2%          2
 Apportation              Tloc           32%        N/A       14%         1
 Sting                    Conj/Alch      64%        1d7       14%         1
 Summon Small Mammal      Summ           64%        N/A       14%         1
 Passwall                 Erth           27%        N/A       17%         3
 Ensorcelled Hibernation  Hex/Ice        32%        N/A       22%         2
 Static Discharge         Conj/Air       32%        3-5/arc   22%         2
 Stone Arrow              Conj/Erth      44%        3d9       26%         3
 Summon Ice Beast         Ice/Summ       16%        N/A       41%         3
 Swiftness                Air            16%        N/A       41%         3
 Animate Armour           Summ/Erth      44%        N/A       65%         4
 Brom's Barrelling Bould  Conj/Erth      22%        2d4       65%         4
 Airstrike                Air            8%         2d(2-18)  82%         4
 Summon Lightning Spire   Summ/Air       16%        N/A       82%         4
 Lee's Rapid Deconstruct  Erth           13%        3d9*      83%         5
 Fireball                 Conj/Fire      8%         3d6       99%         5
 Iskenderun's Battlesphe  Conj           16%        2d7       99%         5
 Summon Mana Viper        Hex/Summ       16%        N/A       99%         5
 Conjure Ball Lightning   Conj/Air       8%         3x3d6     100%        6
 Monstrous Menagerie      Summ           8%         N/A       100%        7
 Orb of Destruction       Conj           8%         9d6       100%        7
 Lehudib's Crystal Spear  Conj/Erth      11%        10d4      100%        8
 Summon Horrible Things   Summ           8%         N/A       100%        8


Dungeon Overview and Level Annotations

Branches:
Dungeon (15/15)              Lair (5/5) D:9          Shoals (0/4) Lair:2
  Snake (0/4) Lair:2        Slime (0/5) Lair:5          Orc (2/2) D:12
    Elf (1/3) Orc:2        Vaults (0/5) D:14         Depths (0/4) D:15
 Bailey (visited)         Volcano (visited)
 Temple: D:4-7

Altars:
Dithmenos
Hepliaklqana
Kikubaaqudgha
Nemelex Xobeh
Okawaru
Ru
Uskayaw
Vehumet
Wu Jian
Xom
Yredelemnul
Jiyva
Lugonu

Shops:
D:10 !   D:11 [   D:14 =   Orc:1 =(:(   Orc:2 *:([   Elf:1 :

Portals:
Abyss: Lair:5

Annotations:
D:2 Sigmund
D:4 exclusion: statue
D:5 1 runed translucent door
D:6 Menkaure
D:10 2 transporters, TombstoneGhost's ghost, novice MiFi
Elf:1 Roxanne


Innate Abilities, Weirdness & Mutations

You have claws for hands.
You have a moderately thin skeletal structure. (Dex +4, Stealth++)
A demonic guardian rushes to your aid.
Spells you cast and wands you use may paralyse nearby enemies.
Your presence sometimes corrodes those you injure.


Message History

Malevolent energies surge around you.
The deep elf archer shouts!
The zombie hands constrict the deep elf zephyrmancer.
The deep elf zephyrmancer gestures at you while chanting.
The bolt of lightning hits you!
The deep elf zephyrmancer mumbles some strange words.
The deep elf zephyrmancer blinks free!
The deep elf archer unwields a +0 short sword.
The deep elf archer wields a +1 shortbow of flaming.
It bursts into flame!
The deep elf archer shoots an arrow.
You block the arrow with your +1 buckler of reflection... and reflect it back!
The arrow closely misses the deep elf archer.
You hear a shout! x3
The deep elf zephyrmancer points at you and mumbles some strange words.
The bolt of lightning hits you!!
A deep elf archer comes into view. It is wielding a +0 dagger.
The deep elf archer unwields a +0 dagger.
The deep elf archer wields a +0 shortbow.
The deep elf archer shoots an arrow.
The arrow hits you!
The deep elf zephyrmancer gestures at you while chanting.
The bolt of lightning hits you!!
The deep elf zephyrmancer points at you and mumbles some strange words.
The bolt of lightning hits you!!
* * * LOW HITPOINT WARNING * * *
The bolt of lightning hits you!!
* * * LOW HITPOINT WARNING * * *
A demonic guardian appears!
A deep elf zephyrmancer comes into view.
It is wielding a +0 war axe.
There is an open door here.
Your sixfirhy hits the deep elf zephyrmancer!
Your sixfirhy shocks the deep elf zephyrmancer!
The deep elf archer shoots an arrow.
The arrow hits you.
* * * LOW HITPOINT WARNING * * *
Your sixfirhy hits the deep elf zephyrmancer.
Your sixfirhy shocks the deep elf zephyrmancer!
The deep elf zephyrmancer dies!
Kikubaaqudgha accepts your kill.
The deep elf archer shoots an arrow.
The arrow hits you!!
You die...
Kikubaaqudgha rasps: "You have failed me!
Welcome... death!"

##e###########'
##...#......#...
##...........#...
###..e3)...)⌠.[)[))
...'.e....e.....#...
####............#..$
##.....#########)
##'#...#'# ##...
##@##'####.# #...
##.###.# #.# #..⌠ #.
##.## #.# #.# #...
#. ##.## #.# #.##...
###'#####.## #.#
#.#.## +#.....##.##
####'#### #.. #
##.......'##
#.......# ##.##
#.........#
#.......# #'.
#.........#
#.......# #..


You could see 2 deep elf archers and a friendly sixfirhy (summoned).

Vanquished Creatures
  An orc warlord (Orc:2)
  The ghost of jimmypageman the Severer, a journeyman MiFi of Okawaru (Lair:3)
  An ironbound thunderhulk (D:14)
  2 fire dragons
  Josephine (D:12)
  Erolcha (D:10)
  2 centaur warriors
  3 hydras
  A vault guard (D:14)
  2 catoblepae
  An ogre mage (Orc:1)
  3 boulder beetles
  4 two-headed ogres
  A dancing weapon (Elf:1)
  3 tengu warriors
  3 orc high priests (Orc:2)
  A thrashing horror (Lair:5)
  A sun demon (D:12)
  Sonja (Orc:1)
  Nergalle (D:11)
  A sixfirhy (D:12)
  Lodul (D:10)
  4 deep elf archers (Elf:1)
  2 lindwurms (Volcano)
  11 deep elf pyromancers
  4 deep elf zephyrmancers
  5 orc knights
  3 orc sorcerers
  A cyclops (D:10)
  3 manticores
  A large abomination (Lair:5)
  A meliai (D:14)
  A merfolk siren (Lair:2)
  14 ugly things
  An ice statue (D:14)
  5 elephants
  A black mamba (Lair:5)
  2 kobold blastminers (Orc:2)
  A smoke demon (D:12)
  2 molten gargoyles (Volcano)
  4 cane toads
  A torpor snail (Lair:4)
  2 rime drakes (Lair:4)
  4 efreet
  An unseen horror (D:12)
  An orange demon (D:12)
  8 komodo dragons
  6 kobold demonologists
  2 ice devils (D:12)
  2 polar bears
  2 tengu conjurers (D:14)
  5 trolls
  A hornet (Lair:3)
  A raiju (Lair:5)
  8 blink frogs
  A centaur simulacrum (D:15)
  2 water elementals
  2 spriggans (Lair:5)
  3 ynoxinuls
  A shadow (D:11)
  10 slime creatures
  5 wraiths
  3 fire elementals (Volcano)
  2 humans (D:14)
  3 wyverns
  5 vampire mosquitoes
  A steam dragon (Lair:2)
  7 yaks
  4 basilisks
  Grum (D:8)
  Eustachio (D:4)
  2 chaos spawn
  2 wargs (Orc:1)
  2 nagas (Lair:2)
  2 acid dragons
  13 water moccasins
  Duvessa (D:5)
  23 orc warriors
  2 ice beasts
  3 black bears
  12 ogres
  3 centaurs
  23 wolves
  4 boggarts
  4 phantoms
  4 earth elementals (Volcano)
  9 bullfrogs
  2 gnoll sergeants
  3 scorpions
  Dowan (D:5)
  4 wights
  4 killer bees (D:9)
  An electric eel (D:6)
  A howler monkey (D:10)
  2 bombardier beetles
  A human zombie (D:5)
  6 quasits (D:12)
  A gnoll bouda (D:5)
  Crazy Yiuf (D:7)
  5 hounds
  15 orc priests
  2 jellies
  A human skeleton (D:5)
  Terence (D:2)
  2 sleepcaps
  Natasha (thrice) (D:2)
  3 iguanas
  28 orc wizards
  Robin (D:3)
  22 gnolls
  5 adders
  2 white imps (D:8)
  3 ufetubi
  2 ribbon worms (D:2)
  2 dart slugs (D:2)
  76 orcs
  4 bats
  A bat zombie (D:3)
  8 endoplasms
  8 hobgoblins
  26 kobolds
  4 quokkas
  4 ball pythons
  A frilled lizard (D:2)
  A frilled lizard zombie (D:3)
  14 goblins
  4 rats
  A spectral kobold (D:11)
582 creatures vanquished.

Vanquished Creatures (collateral kills)
  A stone giant (D:15)
  2 hydras
  A vault guard (D:13)
  A catoblepas (Lair:5)
  A death knight (D:14)
  A centaur warrior (D:14)
  3 boulder beetles
  2 two-headed ogres (Orc:1)
  3 tengu warriors
  2 thrashing horrors (Lair:5)
  2 deep elf zephyrmancers
  An orc knight (Orc:1)
  2 ugly things
  A cyclops (D:14)
  8 elephants
  2 black mambas
  Joseph (D:8)
  5 cane toads
  2 smoke demons
  3 rime drakes (Lair:1)
  4 komodo dragons
  A tengu conjurer (D:14)
  A troll (Orc:1)
  A polar bear (Lair:3)
  A raiju (Lair:5)
  13 blink frogs
  8 slime creatures
  A spriggan (Lair:3)
  A ynoxinul (Lair:5)
  12 yaks
  12 small abominations (Lair:5)
  4 wyverns
  2 basilisks
  2 chaos spawn (Lair:5)
  3 water moccasins
  4 orc warriors
  A black bear (Lair:3)
  2 wolves
  A centaur (D:10)
  3 ogres
  5 bullfrogs
  An earth elemental (Orc:2)
  5 wights
  A quasit (D:12)
  A jelly (Lair:5)
  2 orc priests (Orc:2)
  An orc wizard (D:11)
  5 gnolls
  12 orcs
  A kobold (Bailey)
  2 bats (D:2)
157 creatures vanquished.

Vanquished Creatures (others)
  A deep elf pyromancer (Orc:2)
  A cyclops (D:14)
  A manticore (D:14)
  A hydra zombie (D:14)
  A black mamba zombie (Lair:5)
  A spriggan (Lair:3)
  An ogre zombie (Orc:1)
  5 two-headed ogre zombies
  2 cane toad zombies
  3 blink frog zombies (Lair:5)
  4 elephant zombies (Lair:3)
  A komodo dragon zombie (Lair:3)
  2 water moccasin zombies (Lair:3)
  A troll zombie (Orc:1)
  A yak zombie (Lair:4)
  A tengu zombie (D:14)
  A polar bear zombie (Lair:3)
  2 basilisk zombies
  A bullfrog zombie (Lair:3)
  An orc wizard (Orc:1)
  5 orcs
  A giant cockroach (D:14)
  A quokka (D:14)
  2 kobold zombies
  8 orc zombies
49 creatures vanquished.

Grand Total: 788 creatures vanquished

Notes
Turn   | Place    | Note
-------+----------+-------------------------------------------
     0 | D:1      | PaiMei the Demonspawn Necromancer began the quest for the
                  | Orb.
     0 | D:1      | Reached XP level 1. HP: 13/13 MP: 3/3
   907 | D:2      | Gained mutation: You have a somewhat thin skeletal
                  | structure. (Dex +2, Stealth+) [demonic ancestry]
   907 | D:2      | Reached XP level 2. HP: 11/19 MP: 0/5
  1008 | D:2      | Noticed Sigmund
  1150 | D:2      | Gained mutation: Spells you cast may paralyse adjacent
                  | enemies. [demonic ancestry]
  1150 | D:2      | Reached XP level 3. HP: 24/24 MP: 1/6
  1200 | D:2      | Noticed Terence
  1250 | D:2      | Killed Terence
  1251 | D:2      | Gained mutation: You have sharp fingernails. [demonic
                  | ancestry]
  1251 | D:2      | Reached XP level 4. HP: 17/30 MP: 0/7
  1588 | D:2      | Reached skill level 5 in Necromancy
  1839 | D:2      | Noticed Natasha
  1951 | D:2      | Killed Natasha
  1987 | D:2      | Noticed Natasha
  1992 | D:2      | Killed Natasha
  1993 | D:2      | Reached XP level 5. HP: 28/35 MP: 5/9
  2283 | D:2      | Noticed Natasha
  2294 | D:2      | Killed Natasha
  2512 | D:1      | Learned a level 3 spell: Vampiric Draining
  2517 | D:1      | Learned a level 4 spell: Animate Dead
  3041 | D:3      | Found an ancient bone altar of Kikubaaqudgha.
  3049 | D:3      | Became a worshipper of Kikubaaqudgha
  3191 | D:3      | Noticed Robin
  3263 | D:3      | Killed Robin
  3742 | D:3      | Reached skill level 1 in Fighting
  3804 | D:4      | Reached XP level 6. HP: 43/43 MP: 4/10
  3915 | D:4      | Noticed Eustachio
  4552 | D:4      | Noticed a water moccasin
  4596 | D:3      | Reached * piety under Kikubaaqudgha
  4596 | D:3      | Received a gift from Kikubaaqudgha
  4669 | D:4      | Reached skill level 6 in Necromancy
  4791 | D:4      | Gained mutation: You have very sharp fingernails. [demonic
                  | ancestry]
  4791 | D:4      | Reached XP level 7. HP: 51/51 MP: 6/12
  4997 | D:4      | Found a radiant altar of Vehumet.
  5049 | D:4      | Killed Eustachio
  5361 | D:4      | Found a shadowy altar of Dithmenos.
  5722 | D:5      | Entered Level 5 of the Dungeon
  5722 | D:5      | Noticed a human
  5722 | D:5      | Found a runed translucent door.
  5765 | D:5      | Found a basalt altar of Yredelemnul.
  6050 | D:5      | Gained mutation: A weak demonic guardian rushes to your
                  | aid. [demonic ancestry]
  6050 | D:5      | Reached XP level 8. HP: 56/59 MP: 7/14
  6409 | D:5      | Reached skill level 7 in Necromancy
  6527 | D:5      | Noticed Dowan
  6549 | D:5      | Noticed Duvessa
  6568 | D:5      | Killed Duvessa
  6569 | D:5      | Reached skill level 5 in Spellcasting
  6576 | D:5      | Killed Dowan
  6784 | D:5      | Reached skill level 5 in Dodging
  6944 | D:5      | Found an ornate altar of the Wu Jian Council.
  7609 | D:6      | Noticed Menkaure
  7679 | D:6      | Reached skill level 5 in Fighting
  7774 | D:6      | Gained mutation: A demonic guardian rushes to your aid.
                  | [demonic ancestry]
  7774 | D:6      | Reached XP level 9. HP: 57/68 MP: 7/17
  7808 | D:5      | Reached ** piety under Kikubaaqudgha
  7922 | D:6      | Reached skill level 8 in Necromancy
  9337 | D:7      | Found a runed translucent door.
  9338 | D:7      | Noticed Crazy Yiuf
  9382 | D:7      | Found an iron altar of Okawaru.
  9425 | D:7      | Found a shimmering altar of Xom.
  9634 | D:7      | Reached skill level 9 in Necromancy
 10290 | D:7      | Gained mutation: Your presence sometimes corrodes those you
                  | injure. [demonic ancestry]
 10290 | D:7      | Reached XP level 10. HP: 77/77 MP: 4/20
 10417 | D:7      | Killed Crazy Yiuf
 10552 | D:8      | Found a sparkling altar of Nemelex Xobeh.
 10859 | D:8      | Noticed Joseph
 11000 | D:8      | Killed Joseph
 11018 | D:8      | Found a flagged portal.
 11036 | Bailey   | Entered a bailey
 11311 | Bailey   | Noticed an orc knight
 11311 | Bailey   | Noticed an orc knight
 11431 | Bailey   | Reached *** piety under Kikubaaqudgha
 11431 | Bailey   | Received a gift from Kikubaaqudgha
 11633 | Bailey   | Killed an orc knight
 11694 | Bailey   | Killed an orc knight
 12287 | D:8      | Noticed Grum
 12312 | D:8      | Killed Grum
 12537 | D:8      | Found a hide-covered altar of Uskayaw.
 12539 | D:8      | Found a sacrificial altar of Ru.
 12540 | D:8      | Found a hazy altar of Hepliaklqana.
 12588 | D:8      | Learned a level 5 spell: Curse of Agony
 12593 | D:8      | Learned a level 4 spell: Dispel Undead
 12599 | D:8      | Learned a level 5 spell: Borgnjor's Vile Clutch
 12768 | D:9      | Reached skill level 10 in Necromancy
 12824 | D:9      | Found a staircase to the Lair.
 13270 | D:9      | Identified the +5 arbalest "Dacluoc" {heavy, ^Fragile rPois
                  | rF+}
 13818 | D:10     | Entered Level 10 of the Dungeon
 13919 | D:10     | Found a transporter.
 13935 | D:10     | Noticed Erolcha
 13954 | D:10     | Noticed a seven-headed hydra
 13955 | D:10     | Noticed TombstoneGhost's ghost (novice MiFi)
 13956 | D:10     | Noticed a moth of wrath
 13976 | D:10     | Found Foamis's Distillery.
 14022 | D:10     | Bought a potion of heal wounds for 70 gold pieces
 14050 | D:10     | Found a transporter.
 14063 | D:10     | Killed Erolcha
 14064 | D:10     | Gained mutation: Spells you cast may paralyse nearby
                  | enemies. [demonic ancestry]
 14064 | D:10     | Reached XP level 11. HP: 86/86 MP: 12/23
 14958 | D:11     | Noticed Lodul
 14975 | D:10     | Killed Lodul
 15318 | D:11     | Noticed Nergalle
 15511 | D:11     | Noticed a green ugly thing
 15956 | D:11     | Found a hazy altar of Hepliaklqana.
 16234 | D:11     | Found Zaolom's Antique Armour Shop.
 16312 | D:11     | Killed a green ugly thing
 16313 | D:11     | Reached skill level 11 in Necromancy
 16494 | D:11     | Killed Nergalle
 16913 | Lair:1   | Entered Level 1 of the Lair of Beasts
 16928 | Lair:1   | Reached **** piety under Kikubaaqudgha
 18340 | Lair:2   | Noticed a boulder beetle
 18348 | Lair:2   | Killed a boulder beetle
 18349 | Lair:2   | Gained mutation: You have claws for hands. [demonic
                  | ancestry]
 18349 | Lair:2   | Reached XP level 12. HP: 61/96 MP: 19/25
 18658 | Lair:2   | Found a staircase to the Snake Pit.
 19319 | Lair:2   | Found a staircase to the Shoals.
 19350 | Lair:2   | Reached skill level 10 in Fighting
 19350 | Lair:2   | Reached skill level 12 in Necromancy
 20027 | Lair:2   | Noticed a catoblepas
 20035 | Lair:2   | Killed a catoblepas
 20302 | Lair:2   | Reached skill level 10 in Spellcasting
 20861 | Lair:3   | Reached skill level 10 in Dodging
 21363 | Lair:3   | Reached skill level 1 in Armour
 21373 | Lair:3   | Reached ***** piety under Kikubaaqudgha
 21376 | Lair:3   | Gained mutation: You have a moderately thin skeletal
                  | structure. (Dex +4, Stealth++) [demonic ancestry]
 21376 | Lair:3   | Reached XP level 13. HP: 66/105 MP: 5/27
 21396 | Lair:3   | Reached skill level 13 in Necromancy
 21956 | Lair:3   | Found a runed translucent door.
 21959 | Lair:3   | Noticed jimmypageman's ghost (journeyman MiFi)
 21959 | Lair:3   | Identified the +3 trident of Midsummer {spect, *Noise Dex+2
                  | SInv}
 22260 | Lair:3   | Killed jimmypageman's ghost
 24590 | Lair:5   | Entered Level 5 of the Lair of Beasts
 24596 | Lair:5   | Learned a level 4 spell: Martyr's Knell
 25805 | Lair:5   | Reached skill level 14 in Necromancy
 25828 | Lair:5   | Reached skill level 5 in Armour
 26157 | Lair:5   | Reached XP level 14. HP: 89/115 MP: 29/29
 26786 | Lair:5   | Found a corrupted altar of Lugonu.
 26786 | Lair:5   | Found a one-way gate to the infinite horrors of the Abyss.
 27037 | Lair:5   | Found a staircase to the Slime Pits.
 27037 | Lair:5   | Found a viscous altar of Jiyva.
 27190 | Lair:5   | Identified 2 scrolls of acquirement
 27718 | D:12     | Found a flickering gateway to a bazaar.
 27894 | D:12     | Reached skill level 1 in Evocations
 27915 | Bazaar   | Entered a bazaar
 28049 | Bazaar   | Found Wyithont's Assorted Antiques.
 28057 | Bazaar   | Bought a flickering bronze ring for 90 gold pieces
 28057 | Bazaar   | Identified the ring "Qeghoq" {Ice +Blink Str-5 Dex+2} (You
                  | bought it in a shop in a bazaar)
 28057 | Bazaar   | Bought an ichor-stained mace for 144 gold pieces
 28057 | Bazaar   | Identified the +10 mace of Puas {freeze, rF++ rN+ rCorr
                  | Int-4} (You bought it in a shop in a bazaar)
 28073 | Bazaar   | Found Isatrust's Antique Armour Emporium.
 28128 | Bazaar   | Found Xugeiqou's Assorted Antiques.
 28145 | Bazaar   | Found Ytaj's Assorted Antiques.
 28205 | D:12     | Reached ****** piety under Kikubaaqudgha
 28734 | D:12     | Found a staircase to the Orcish Mines.
 28976 | D:12     | Identified the +10 falchion "Hydrabane" {freeze, rPois rF+
                  | Str+5 Int-4}
 30788 | D:14     | Found Eleody's Jewellery Boutique.
 32231 | D:14     | Reached skill level 15 in Necromancy
 33270 | D:14     | Noticed an ironbound thunderhulk
 33672 | D:14     | Killed an ironbound thunderhulk
 33924 | D:14     | Found a gate to the Vaults.
 34590 | D:14     | Reached skill level 5 in Evocations
 34731 | D:14     | Reached XP level 15. HP: 85/122 MP: 8/31
 34734 | D:14     | Reached skill level 1 in Shields
 35436 | D:15     | Entered Level 15 of the Dungeon
 35657 | D:15     | Found a hide-covered altar of Uskayaw.
 35720 | D:15     | Found the +8 arc blade {discharge, rElec}
 36354 | D:15     | Found a staircase to the Depths.
 36757 | Orc:1    | Entered Level 1 of the Orcish Mines
 36758 | Orc:1    | Noticed Josephine
 36782 | D:12     | Killed Josephine
 37244 | Orc:1    | Noticed Sonja
 37250 | Orc:1    | Killed Sonja
 37288 | Orc:1    | Found Ikyrhoef's Book Boutique.
 37336 | Orc:1    | Found Gomuloveh's Jewellery Boutique.
 37744 | Orc:1    | Found Kilaedie's Weapon Shop.
 38117 | Orc:1    | Found Leceq's Weapon Boutique.
 38368 | Orc:2    | Entered Level 2 of the Orcish Mines
 38439 | Orc:2    | Found a dark tunnel.
 38498 | Volcano  | Entered a volcano
 38660 | Volcano  | Reached skill level 16 in Necromancy
 39993 | Orc:2    | Found a staircase to the Elven Halls.
 42432 | Orc:2    | Found Arghoimmu's General Store.
 42478 | Orc:2    | Found Weiblis's Book Emporium.
 42748 | Orc:2    | Found Boalaher's Antique Weapon Shop.
 42750 | Orc:2    | Found Paat's Antique Armour Boutique.
 42929 | Elf:1    | Entered Level 1 of the Elven Halls
 43614 | Orc:2    | Reached skill level 1 in Long Blades
 43614 | Orc:2    | Reached skill level 1 in Earth Magic
 43682 | Elf:1    | Reached skill level 5 in Shields
 44221 | Elf:1    | Found Evifexza's Book Boutique.
 44298 | Elf:1    | Got Gihoacud's Anthology of the Coarse Swarm
 44311 | Elf:1    | Noticed Roxanne
 44673 | Elf:1    | Identified the +2 whip of Tomorrow {freeze, rElec rC- Str-2
                  | Int+5}
 44823 | Elf:1    | Gained mutation: Spells you cast and wands you use may
                  | paralyse nearby enemies. [demonic ancestry]
 44823 | Elf:1    | Reached XP level 16. HP: 127/129 MP: 28/33
 45179 | Elf:1    | Shot with an arrow by a deep elf archer

Illustrated notes

Levels and vault maps discovered:
D:1:      lightli_arrival_windingriver, layout_basic, minmay_pentomino_r2
D:2:      layout_rooms, nicolae_half_adder, uniq_sigmund, uniq_terence,
          uniq_natasha
D:3:      layout_basic, lemuel_zombie_altar_kikubaaqudgha,
          reono_crystal_passage, uniq_robin
D:4:      layout_cave_pools, vehumet_statue, old_standard_altar, serial_glass,
          glass_columns_c, glass_columns_b, grunt_ministairs_5, uniq_eustachio
D:5:      layout_basic, mainiacjoe_overflow_small_starburst,
          dk_yredelemnul_ordeal, st_stairs_6, minmay_misc_feat_tower,
          uniq_duvessa
D:6:      layout_cave_pools, temple_hall, serial_bayou_lagoon_a,
          minmay_small_thing, uniq_menkaure
D:7:      layout_gridville, jmf_multi_god_temple, minmay_misc_feat_tiny,
          uniq_crazy_yiuf_cottage
D:8:      layout_basic, nemelex_xobeh_ov_fountains_minmay, minitemple,
          enter_bailey_4, uniq_grum, uniq_joseph
D:9:      layout_roguey, lair_entry_dummy, serial_aquarium,
          aquarium_bridge_long_separate [aquarium_subvault_wall,
          aquarium_subvault_bridge, aquarium_subvault_window,
          aquarium_subvault_balcony, aquarium_subvault_balcony,
          aquarium_subvault_bridge], aquarium_window_fake, aquarium_window_1,
          aquarium_view_2c, aquarium_view_4, aquarium_pool_corner
D:10:     layout_roguey, gammafunk_ghost_berserking_beasts, serial_shops, shop,
          uniq_erolcha
D:11:     layout_layer_cave, serial_shops, nicolae_shop_trees,
          nicolae_hepliaklqana_monster_ancestors, uniq_lodul, uniq_nergalle
D:12:     layout_long_grid, david_orc_5, serial_shops, bzr_entry_customers,
          serial_demonic, serial_demonic_e, serial_demonic_a, serial_demonic_e,
          serial_demonic_d, serial_demonic_a, serial_demonic_d, serial_demonic_g
D:13:     layout_cave_pools, chequers_hall_statues_y
D:14:     layout_basic, hellmonk_vaults_keyhole, serial_shops, shop,
          serial_aquarium, aquarium_bridge_island_small
          [aquarium_subvault_small_open, aquarium_subvault_bridge,
          aquarium_subvault_wall, aquarium_subvault_bridge,
          aquarium_subvault_wall], aquarium_bridge_long_separate
          [aquarium_subvault_wall, aquarium_subvault_wall,
          aquarium_subvault_bridge, aquarium_subvault_wall,
          aquarium_subvault_bridge, aquarium_subvault_wall], aquarium_window_2,
          aquarium_window_1, aquarium_window_corner, aquarium_window_1,
          aquarium_view_2e, aquarium_view_2g, hangedman_decor_opposing,
          nzn_random_ring
D:15:     grunt_enter_depths_snipers, layout_loops_ring,
          nicolae_uskayaw_murder_on_the_dancefloor, minivault_10
Lair:1:   layout_regular_city, small_statue_intersection
Lair:2:   layout_hall_layers, minmay_shoals_entry_lonely_mermaid,
          guppyfry_snake_entry_island
Lair:3:   layout_misc_corridors, ebering_ghost_funeral_grove,
          beast_lair_carwin_4, grunt_megastairs_2, lemuel_fruit_tree,
          serial_bayou_shore_a
Lair:4:   layout_big_grid, minmay_hedge_maze, infiniplex_staircase_pool_2
Lair:5:   hellmonk_lair_end_abyssal_woods, layout_gridlike,
          minmay_slime_entry_pillars, minivault_25
Orc:1:    layout_caves, serial_shops, nicolae_diamond_shop,
          nicolae_shop_bloodbath_and_beyond, shop, nicolae_diamond_shop,
          nicolae_orc_hostile_takeover, uniq_josephine, uniq_sonja
Orc:2:    grunt_orc_community_town_hall, layout_caves,
          grunt_orc_community_big_house_2, grunt_orc_community_big_house_1,
          grunt_orc_community_house_3, grunt_orc_community_house_3,
          grunt_orc_community_house_3, grunt_orc_community_house_1,
          grunt_orc_community_house_3, grunt_orc_community_house_3,
          nicolae_volcano_entry_lava_flow
Elf:1:    minmay_elf_arrival_plus, layout_geoelf_grid, serial_shops,
          nicolae_shop_stone, kennysheep_underground_church, grunt_ministairs_1,
          uniq_roxanne

Skill      XL: |  1  2  3  4  5  6  7  8  9 10 11 12 13 14 15 |
---------------+----------------------------------------------+-----
Stealth        | 2 3 |  3.0
Dodging        | 2 3 4 5 6 8 9 10 | 10.3
Necromancy     | 5 6 7 9 10 11 12 14 15 16 | 16.2
Spellcasting   | 3 4 5 6 8 9 10 11 12 13 | 13.7
Fighting       | 1 2 3 5 6 8 9 10 12 | 12.4
Armour         | 1 5 7 9 |  9.0
Evocations     | 5 |  5.0
Shields        | 5 |  5.4
Long Blades    | 2 |  2.3
Earth Magic    | 2 |  2.3

Action                     |  1- 3 |  4- 6 |  7- 9 | 10-12 | 13-15 | 16-18 || total
---------------------------+-------+-------+-------+-------+-------+-------++-------
  Melee: Spear             |    13 |    60 |   200 |   143 |       |       ||   416
         Punch             |       |       |     3 |     7 |    13 |       ||    23
         Flail             |       |       |       |   192 |   355 |       ||   547
         Falchion          |       |       |       |       |   541 |     5 ||   546
         Mace              |       |       |       |       |    68 |       ||    68
   Cast: Necrotise         |    39 |   114 |   107 |   100 |    63 |       ||   423
         Vampiric Draining |       |     5 |    84 |   170 |   198 |       ||   457
         Curse of Agony    |       |       |       |    17 |    56 |       ||    73
         Animate Dead      |       |       |       |     6 |    10 |       ||    16
         Dispel Undead     |       |       |       |     8 |    10 |       ||    18
         Borgnjor's Vile C |       |       |       |       |   160 |     2 ||   162
 Invoke: Unearth Wretches  |       |       |       |       |     1 |       ||     1
  Evoke: Wand              |       |       |       |       |     3 |       ||     3
    Use: Scroll            |       |       |       |    16 |    12 |     3 ||    31
         Potion            |       |       |       |       |     7 |       ||     7
   Stab: Paralysed         |     1 |     3 |    22 |   107 |   174 |     2 ||   309
         Sleeping          |       |       |     2 |       |     4 |       ||     6
         Distracted        |       |       |       |     2 |     6 |       ||     8
 Armour: Robe              |    15 |    71 |   195 |    94 |       |       ||   375
         Scale mail        |       |       |       |   338 |  1290 |    11 ||  1639
         Leather armour    |       |       |       |    28 |       |       ||    28
  Dodge: Dodged            |    13 |    81 |   232 |   349 |   868 |     4 ||  1547
  Block: Other             |       |       |       |    68 |   169 |       ||   237
         Reflection        |       |       |       |       |    34 |     1 ||    35
         Buckler           |       |       |       |       |   283 |     6 ||   289
